 Dungeon Crawl Stone Soup version 0.30-a0-223-gcb0039aa0c (webtiles) character file.

Game seed: 12920614843900580324

549 qw the Chopper (level 7, -4/44 HPs)
             Began as a Gargoyle Fighter on Oct 9, 2022.
             Slain by Duvessa
             ... wielding a +1 rapier of distortion
              (6 damage)
             ... on level 4 of the Dungeon.
             The game lasted 00:01:12 (3502 turns).

qw the Chopper (Gargoyle Fighter)                   Turns: 3502, Time: 00:01:13

Health: -4/44      AC: 15    Str: 22    XL:     7   Next: 28%
Magic:  7/7        EV:  7    Int:  8    God:
Gold:   128        SH:  4    Dex:  9    Spells: 6/6 levels left

rFire   . . .      SeeInvis .    Y - +0 war axe
rCold   . . .      Faith    .    c - +0 buckler
rNeg    + . .      Spirit   .    e - +0 chain mail
rPois   inf        Reflect  .    (no helmet)
rElec   +          Harm     .    g - +0 cloak
rCorr   .          Rampage  .    (no gloves)
Will    +....                    (no boots)
Stlth   ..........               k - amulet of the acrobat
HPRegen 0.27/turn                f - ring of willpower
MPRegen 0.10/turn                (no ring)

@: about to teleport
A: sickness immunity, AC +4, negative energy resistance 1, electricity
resistance, torment resistance 1, petrification resistance
a: no special abilities


You were on level 4 of the Dungeon.
You visited 1 branch of the dungeon, and saw 4 of its levels.

You collected 128 gold pieces.


Innate Abilities, Weirdness & Mutations

You are immune to sickness and miasma.
Your stone body is resilient. (AC +4)
You are immune to poison.
You resist negative energy. (rN+)
You are resistant to electric shocks. (rElec)
You are resistant to unholy torment.
You are immune to petrification.


   Skills:
 - Level 5.2 Fighting
 - Level 6.0 Axes
 - Level 3.2 Armour
 + Level 0.9 Dodging
 - Level 3.2 Shields


You had 6 spell levels left.
You didn't know any spells.
Your spell library was empty.

Inventory:

Hand Weapons
 h - a +2 hand axe of flaming
 Y - a +0 war axe (weapon)
Armour
 c - a +0 buckler (worn)
 e - a +0 chain mail (worn)
 g - a +0 cloak (worn)
Jewellery
 f - a ring of willpower (left hand)
 k - an amulet of the acrobat (around neck)
Scrolls
 a - a scroll of teleportation
 b - 3 scrolls of identify
Potions
 d - 2 potions of might
 l - 2 potions of curing

Dungeon Overview and Level Annotations

Branches:
Dungeon (4/15)
 Temple: D:4-7

Altars:
Cheibriados

Shops:
D:1 (   D:3 :

Annotations:
D:3 1 runed translucent door, Crazy Yiuf
D:4 Dowan, Duvessa


Message History

Could not explore, unopened runed door.
(D) Dungeon
Where to? (* - list waypoints, Enter - D:4, ? - help)
What level of the Dungeon? (default 1, ? - help)
There is a stone staircase leading up here.
Items here: % )) [.
There is a stone staircase leading down here.
You climb downwards.
You hear the sound of rushing water.
There is an entrance to a sewer on this level.
Hurry and find it before the portal rusts away!
3496 ||| RIP SEWER The walls and floor vibrate strangely for a moment.
Duvessa shouts!
There is a stone staircase leading up here.
There are monsters nearby!
3497 ||| PLANNING D:1-11 You slash Duvessa!
Duvessa is moderately wounded.
Duvessa hits you but does no damage. Space warps horribly around you!
You closely miss Duvessa.
Duvessa is moderately wounded.
You block Duvessa's attack.
You slash Duvessa!
Duvessa is heavily wounded.
Duvessa barely misses you.
You hit Duvessa.
Duvessa is severely wounded.
You hit the orc priest. The orc priest barely misses you.
Duvessa hits you but does no damage. Space warps horribly around you!!
Ouch! That really hurt!
The orc priest hits you with a +0 whip of electrocution.
Dowan, Brother of Duvessa comes into view.
He is wielding a +0 dagger.
You block Duvessa's attack.
3502 ||| READING 2 scrolls of teleportation.
As you read the scroll of teleportation, it crumbles to dust.
You feel strangely unstable.
Dowan shouts!
Duvessa hits you with a +1 rapier of distortion.
You die...

.##.. . ..#e ..
... ... ..###
##.. #...#
.....#.#.#++#.#.
#............
#..e@<.......
#...#.o?.......
... #..........
. #..........
#..........
#.....!....
#..........
...>.......


You could see Duvessa, Dowan and an orc priest.

Vanquished Creatures
  Grinder (D:3)
  Sigmund (D:3)
  A phantom (D:3)
  5 adders
  4 dart slugs
  9 orcs (D:3)
  6 endoplasms
  6 giant cockroaches
  5 goblins
  2 hobgoblins (D:2)
  10 jackals
  7 kobolds
  A quokka (D:1)
  2 ball pythons (D:2)
  6 bats
  4 frilled lizards
  5 rats
75 creatures vanquished.

Vanquished Creatures (others)
  4 fungi (D:3)
4 creatures vanquished.

Grand Total: 79 creatures vanquished

Notes
Turn   | Place    | Note
-------+----------+-------------------------------------------
     0 | D:1      | qw the Gargoyle Fighter began the quest for the Orb.
     0 | D:1      | Reached XP level 1. HP: 14/14 MP: 1/1
     0 | D:1      | 0 ||| qw: Version: 0.2-a-17-g06abaee
     0 | D:1      | 0 ||| qw: Game counter: 2182
     0 | D:1      | 0 ||| qw: Always use a shield: true
     0 | D:1      | 0 ||| qw: God list: Okawaru
     0 | D:1      | 0 ||| qw: Allow faded altars: false
     0 | D:1      | 0 ||| qw: Do Orc after D:15 true
     0 | D:1      | 0 ||| qw: Do second Lair branch before Depths: true
     0 | D:1      | 0 ||| qw: Lair rune preference: random
     0 | D:1      | 0 ||| qw: Plans: Normal, Zot:1-4, God:TSO, Crypt, Tomb,
                  | Pan, Slime:5, Hells, Abyss, Orb
     0 | D:1      | 0 ||| PLANNING D:1-11
    63 | D:1      | Reached skill level 2 in Axes
    90 | D:1      | Reached XP level 2. HP: 19/19 MP: 2/2
   196 | D:1      | 196 ||| Stepping ~*~*~tactically~*~*~ (stealth).
   198 | D:1      | 198 ||| Stepping ~*~*~tactically~*~*~ (stealth).
   284 | D:1      | Found a faded altar of an unknown god.
   305 | D:1      | Reached skill level 3 in Axes
   447 | D:1      | Reached XP level 3. HP: 23/23 MP: 3/3
   479 | D:1      | 479 ||| Stepping ~*~*~tactically~*~*~ (hiding).
   689 | D:1      | Found Oly Syin's Antique Weapon Shoppe.
   690 | D:1      | 690 ||| UPGRADING to +0 cloak.
   712 | D:1      | 712 ||| SHOPLISTING mace (75 gold, have 18).
   935 | D:1      | 935 ||| READING 2 scrolls labelled VOQARO OPNUETH.
   940 | D:1      | 940 ||| READING scroll labelled GOIRUMA VUIGE.
   941 | D:1      | 941 ||| READING scroll labelled SUMYACW HEYCIP.
   942 | D:1      | 942 ||| DRINKING 3 sedimented purple potions.
   943 | D:1      | 943 ||| DROPPING 2 potions of degeneration.
  1050 | D:2      | 1050 ||| Stepping ~*~*~tactically~*~*~ (stealth).
  1133 | D:2      | Reached XP level 4. HP: 21/28 MP: 4/4
  1264 | D:2      | Reached skill level 4 in Axes
  1266 | D:2      | 1266 ||| Stepping ~*~*~tactically~*~*~ (stealth).
  1414 | D:2      | 1414 ||| DROPPING +0 club.
  1456 | D:2      | 1456 ||| UPGRADING to amulet of the acrobat.
  1461 | D:2      | 1461 ||| DROPPING +6 ring of intelligence.
  1462 | D:2      | 1462 ||| READING scroll labelled DEWE GYPEMU.
  1463 | D:2      | 1463 ||| READING scroll labelled SOTEER HOOXUV.
  1464 | D:2      | 1464 ||| READING 2 scrolls labelled MOSETO INOFUN.
  1465 | D:2      | 1465 ||| READING scroll labelled NEETYG BUNLIAF.
  1466 | D:2      | 1466 ||| DRINKING 3 dark potions.
  1467 | D:2      | 1467 ||| DROPPING scroll of blinking.
  1552 | D:3      | Noticed Sigmund
  1558 | D:3      | Killed Sigmund
  1559 | D:3      | Reached skill level 5 in Axes
  1559 | D:3      | Reached XP level 5. HP: 21/32 MP: 5/5
  1559 | D:3      | Reached XP level 6. HP: 24/37 MP: 6/6
  1704 | D:3      | Noticed Grinder
  1710 | D:3      | 1710 ||| STAIRDANCE
  1733 | D:2      | 1733 ||| UPGRADING to +0 chain mail.
  1743 | D:2      | 1743 ||| DROPPING +0 scale mail.
  1751 | D:3      | Paralysed by Grinder for 3 turns
  1755 | D:3      | Killed Grinder
  1958 | D:3      | 1958 ||| Stepping ~*~*~tactically~*~*~ (stealth).
  1963 | D:3      | 1963 ||| Stepping ~*~*~tactically~*~*~ (stealth).
  1972 | D:3      | Reached XP level 7. HP: 42/44 MP: 7/7
  1979 | D:3      | 1979 ||| DROPPING +0 flail.
  2138 | D:3      | Found a snail-covered altar of Cheibriados.
  2157 | D:3      | 2157 ||| UPGRADING to ring of willpower.
  2158 | D:3      | 2158 ||| Stepping randomly (stuck).
  2159 | D:3      | 2159 ||| Stepping randomly (stuck).
  2192 | D:3      | Reached skill level 6 in Axes
  2221 | D:3      | Found Niyruple's Book Shoppe.
  2307 | D:3      | Found a runed translucent door.
  2308 | D:3      | Noticed Crazy Yiuf
  2720 | D:4      | 2720 ||| PLANNING SEWER
  2720 | D:4      | 2720 ||| STAIRDANCE
  2903 | D:4      | 2903 ||| STAIRDANCE
  3092 | D:4      | 3092 ||| STAIRDANCE
  3285 | D:4      | 3285 ||| STAIRDANCE
  3496 | D:4      | 3496 ||| RIP SEWER
  3496 | D:4      | Noticed Duvessa
  3497 | D:4      | 3497 ||| PLANNING D:1-11
  3501 | D:4      | HP: 5/44 [Duvessa/+1 rapier of distortion (23)]
  3501 | D:4      | HP: 2/44 [orc priest/+0 whip of electrocution (3)]
  3501 | D:4      | Noticed Dowan
  3502 | D:4      | 3502 ||| READING 2 scrolls of teleportation.
  3502 | D:4      | Slain by Duvessa

Levels and vault maps discovered:
D:1:      heliophobic_arrival_glass_houses, layout_basic,
          basic_ecumenical_altar, serial_curves, eino_curves_01, eino_curves_03,
          eino_curves_01, serial_shops, nicolae_square_shop
D:2:      layout_rooms
D:3:      layout_loops_corners, mainiacjoe_overflow_chevrons, serial_shops,
          shop, uniq_crazy_yiuf_cottage, uniq_sigmund, uniq_grinder
D:4:      layout_rooms, gup_sewer_entry_pipe, minmay_mini_jars, uniq_duvessa

Skill      XL: |  1  2  3  4  5  6  7 |
---------------+----------------------+-----
Axes           | 2 3 5 6 |  6.0
Fighting       | 5 |  5.2
Armour         | |  3.2
Dodging        | |  0.9
Shields        | |  3.2

Action                   |  1- 3 |  4- 6 |  7- 9 || total
-------------------------+-------+-------+-------++-------
Melee: War axe           |    96 |    61 |    65 ||   222
  Use: Scroll            |     3 |     4 |     1 ||     8
       Potion            |     1 |     1 |       ||     2
Armor: Scale mail        |    54 |    18 |       ||    72
       Chain mail        |       |    11 |    46 ||    57
Dodge: Dodged            |    38 |    23 |    36 ||    97
Block: Buckler           |    17 |     9 |    13 ||    39

Table legend:
 A = Non-vault XP
 B = Vault XP
 C = Vault XP percentage of total XP
 D = Non-vault monster count
 E = Vault monster count
 F = Vault count percentage of total count
                 A         B        C        D         E       F
            +---------+---------+-------+---------+---------+-------
      Total |     301 |     484 |  61.7 |      73 |       2 |   2.7
            +---------+---------+-------+---------+---------+-------
        D:1 |      46 |       0 |   0.0 |      26 |       0 |   0.0
        D:2 |      60 |       0 |   0.0 |      22 |       0 |   0.0
        D:3 |     195 |     484 |  71.3 |      25 |       2 |   7.4
            +---------+---------+-------+---------+---------+-------
